 Dungeon Crawl Stone Soup version 0.28-a0-1613-gdaab1c2f9b (webtiles) character file.

Game seed: 8872869007784646476

352 YayAnonymity the Chopper (level 6, -5/79 HPs)
             Began as a Gnoll Berserker on Jan 22, 2022.
             Was a Priest of Trog.
             Slain by a gnoll sergeant (14 damage)
             ... on level 4 of the Dungeon.
             The game lasted 00:05:06 (3572 turns).

YayAnonymity the Chopper (Gnoll Berserker)          Turns: 3572, Time: 00:05:06

Health: -5/79      AC:  4    Str: 18    XL:     6   Next: 62%
Magic:  9/9        EV: 13    Int:  7    God:    Trog [***...]
Gold:   129        SH:  5    Dex: 11    Spells: 9/9 levels left

rFire   + . .      SeeInvis .   a - +0 hand axe
rCold   + . .      Faith    .   (no shield)
rNeg    . . .      Spirit   .   g - +0 leather armour
rPois   .          Reflect  +   (no helmet)
rElec   .          Harm     .   (no cloak)
rCorr   .          Rampage  .   (no gloves)
Will    .....                   i - +0 pair of boots
Stlth   ..........              o - amulet of reflection
HPRegen 0.23/turn               e - ring of protection from fire
MPRegen 0.11/turn               l - ring of protection from cold

@: berserking, very quick
A: fangs 1, strong nose, distributed training
a: Renounce Religion, Berserk, Trog's Hand


You were on level 4 of the Dungeon.
You worshipped Trog.
Trog was most pleased with you.
You visited 1 branch of the dungeon, and saw 5 of its levels.

You collected 129 gold pieces.

Inventory:

Hand Weapons
 a - a +0 hand axe (weapon)
 m - a +0 mace of venom
Missiles
 p - 4 poisoned darts (quivered)
Armour
 g - a +0 leather armour (worn)
 i - a +0 pair of boots (worn)
Jewellery
 e - a ring of protection from fire (left hand)
 l - a ring of protection from cold (right hand)
 o - an amulet of reflection (around neck)
Wands
 u - a wand of paralysis (10)
Scrolls
 c - a scroll of vulnerability {unknown}
 f - 3 scrolls of immolation {unknown}
 j - a scroll of fear {unknown}
 q - 3 scrolls of identify {unknown}
 r - a scroll of enchant weapon {unknown}
 s - a scroll of teleportation {unknown}
 v - a scroll of noise {unknown}
Potions
 b - 2 potions of curing {unknown}
 d - a potion of mutation {unknown}
 h - a potion of invisibility {unknown}
 k - a potion of might {unknown}
 n - a potion of haste {unknown}
 t - a potion of ambrosia {unknown}


   Skills:
 + Level 6.8 Fighting
 + Level 2.0 Short Blades
 + Level 2.0 Long Blades
 + Level 6.8 Axes
 + Level 2.0 Maces & Flails
 + Level 2.0 Polearms
 + Level 2.0 Staves
 + Level 2.0 Slings
 + Level 2.0 Bows
 + Level 2.0 Crossbows
 + Level 2.0 Throwing
 + Level 5.0 Armour
 + Level 5.0 Dodging
 + Level 2.0 Stealth
 + Level 2.0 Shields
 + Level 2.0 Unarmed Combat
 + Level 2.0 Spellcasting
 + Level 1.6 Conjurations
 + Level 1.6 Hexes
 + Level 1.6 Summonings
 + Level 1.6 Necromancy
 + Level 1.6 Translocations
 + Level 1.6 Transmutations
 + Level 1.6 Fire Magic
 + Level 1.6 Ice Magic
 + Level 1.6 Air Magic
 + Level 1.6 Earth Magic
 + Level 1.6 Poison Magic
 + Level 2.2 Invocations
 + Level 2.0 Evocations


You had 9 spell levels left.
You didn't know any spells.
Your spell library was empty.

Dungeon Overview and Level Annotations

Branches:
Dungeon (5/15)
 Temple: D:4-7

Altars:
Trog

Shops:
D:1 (


Innate Abilities, Weirdness & Mutations

You have very sharp teeth.
Your uncanny sense of smell can sniff out nearby items.
Your experience applies equally to all skills.


Message History

The gnoll sergeant is lightly wounded.
The gnoll sergeant hits you with a +0 trident.
You hit the gnoll sergeant but do no damage.
You bite the gnoll sergeant, but do no damage.
The gnoll sergeant is lightly wounded.
The gnoll sergeant hits you with a +0 trident.
You hit the gnoll sergeant but do no damage.
The gnoll sergeant is lightly wounded.
You block the gnoll sergeant's attack.
You slash the gnoll sergeant!
The gnoll sergeant is moderately wounded.
You block the gnoll sergeant's attack.
You hit the gnoll sergeant but do no damage.
The gnoll sergeant is moderately wounded.
You hit the gnoll sergeant.
The gnoll sergeant is heavily wounded.
The gnoll sergeant hits you but does no damage.
You hit the gnoll sergeant but do no damage.
Your bite misses the gnoll sergeant.
The gnoll sergeant is heavily wounded.
The gnoll sergeant hits you with a +0 trident!
You hit the gnoll sergeant but do no damage.
The gnoll sergeant is heavily wounded.
The gnoll sergeant closely misses you.
You barely miss the gnoll sergeant.
The gnoll sergeant is heavily wounded.
The gnoll sergeant hits you with a +0 trident.
You hit the gnoll sergeant but do no damage.
You bite the gnoll sergeant, but do no damage.
The gnoll sergeant is heavily wounded.
The gnoll sergeant hits you with a +0 trident!
* * * LOW HITPOINT WARNING * * *
You barely miss the gnoll sergeant.
The gnoll sergeant is heavily wounded.
The gnoll sergeant hits you with a +0 trident.
* * * LOW HITPOINT WARNING * * *
A red film seems to cover your vision as you go berserk!
You feel yourself moving faster!
You feel mighty!
The gnoll sergeant hits you with a +0 trident!
You die...

.# #.#..##.#.^#..#
#.......(.
.###+##'##+####.)#
##....####
.#.....#.....#...#
####.####
.#.....#.....#)#.#
#.#...
.'##'##'##'##'.#.#
#.#.##
.#..#.....#..#.#.#
#.#.#
.#..#'###+#..#...#
#.#.#
.#..#.....#..#..)#
#.#.##
.'..'.._..+..'.g@###
######'#..#
.#..#.....#..#.#...#
#.......#.#
.#..#'###'#..#.###.#
#.........#
.#..#.....#..#.....#
#.......###
.'##'##'##'##'.#####
#.......#
##.....#.....###
#########
#.....#.....####
###'##'##'###..##
#.#......(....#


You could see a gnoll sergeant.

Vanquished Creatures
  A sky beast (D:4)
  A centaur skeleton (D:4)
  2 hounds (D:4)
  A bullfrog skeleton (D:4)
  Ijyb (D:4)
  A gnoll (D:4)
  An adder (D:4)
  A white imp (D:4)
  An ufetubus (D:4)
  5 dart slugs
  10 endoplasms
  4 giant cockroaches
  5 goblins
  10 hobgoblins
  3 jackals (D:2)
  A quokka (D:2)
  9 ball pythons
  9 bats
  8 frilled lizards
  5 kobolds
  3 rats
82 creatures vanquished.

Vanquished Creatures (others)
  A fungus (D:1)
  2 plants (D:1)
3 creatures vanquished.

Grand Total: 85 creatures vanquished

Notes
Turn   | Place    | Note
-------+----------+-------------------------------------------
     0 | D:1      | YayAnonymity the Gnoll Berserker began the quest for the
                  | Orb.
     0 | D:1      | Reached XP level 1. HP: 23/23 MP: 1/1
    58 | D:1      | Reached XP level 2. HP: 15/29 MP: 2/2
   414 | D:1      | Reached ** piety under Trog
   472 | D:1      | Found a faded altar of an unknown god.
   478 | D:1      | Reached XP level 3. HP: 31/35 MP: 3/3
   699 | D:1      | Reached skill level 1 in Invocations
   798 | D:1      | Found Toleowal's Weapon Shoppe.
  1085 | D:2      | Reached skill level 1 in Short Blades
  1085 | D:2      | Reached skill level 1 in Long Blades
  1085 | D:2      | Reached skill level 1 in Maces & Flails
  1085 | D:2      | Reached skill level 1 in Polearms
  1085 | D:2      | Reached skill level 1 in Staves
  1085 | D:2      | Reached skill level 1 in Slings
  1085 | D:2      | Reached skill level 1 in Bows
  1085 | D:2      | Reached skill level 1 in Crossbows
  1085 | D:2      | Reached skill level 1 in Throwing
  1085 | D:2      | Reached skill level 1 in Stealth
  1085 | D:2      | Reached skill level 1 in Shields
  1085 | D:2      | Reached skill level 1 in Unarmed Combat
  1085 | D:2      | Reached skill level 1 in Spellcasting
  1085 | D:2      | Reached skill level 1 in Evocations
  1182 | D:2      | Reached XP level 4. HP: 37/41 MP: 5/5
  1742 | D:3      | Reached *** piety under Trog
  2168 | D:4      | Reached skill level 1 in Conjurations
  2168 | D:4      | Reached skill level 1 in Hexes
  2168 | D:4      | Reached skill level 1 in Summonings
  2168 | D:4      | Reached skill level 1 in Necromancy
  2168 | D:4      | Reached skill level 1 in Translocations
  2168 | D:4      | Reached skill level 1 in Transmutations
  2168 | D:4      | Reached skill level 1 in Fire Magic
  2168 | D:4      | Reached skill level 1 in Ice Magic
  2168 | D:4      | Reached skill level 1 in Air Magic
  2168 | D:4      | Reached skill level 1 in Earth Magic
  2168 | D:4      | Reached skill level 1 in Poison Magic
  2230 | D:4      | Reached XP level 5. HP: 26/47 MP: 5/7
  2786 | D:4      | Found a bloodstained altar of Trog.
  2912 | D:4      | Noticed Ijyb
  2914 | D:4      | Paralysed by Ijyb for 7 turns
  2929 | D:4      | Killed Ijyb
  3002 | D:4      | Noticed a sky beast
  3019 | D:4      | Killed a sky beast
  3020 | D:4      | Reached skill level 5 in Armour
  3020 | D:4      | Reached skill level 5 in Dodging
  3020 | D:4      | Reached XP level 6. HP: 14/53 MP: 7/9
  3357 | D:5      | Entered Level 5 of the Dungeon
  3572 | D:4      | Slain by a gnoll sergeant

Illustrated notes

Levels and vault maps discovered:
D:1:      lightli_iron_boxes, layout_basic, serial_shops, shop,
          dreamdust_ecumenical_altar_grove
D:2:      layout_rooms
D:3:      layout_basic, uniq_natasha
D:4:      layout_basic, mainiacjoe_overflow_24_doors, uniq_ijyb
D:5:      layout_basic, chequers_serial_rivers_micro_a, minmay_fountain_box

Skill      XL: |  1  2  3  4  5 |
---------------+----------------+-----
Invocations    | 1 2 |  2.2
Short Blades   | 1 2 |  2.0
Long Blades    | 1 2 |  2.0
Maces & Flails | 1 2 |  2.0
Polearms       | 1 2 |  2.0
Staves         | 1 2 |  2.0
Slings         | 1 2 |  2.0
Bows           | 1 2 |  2.0
Crossbows      | 1 2 |  2.0
Throwing       | 1 2 |  2.0
Stealth        | 1 2 |  2.0
Shields        | 1 2 |  2.0
Unarmed Combat | 1 2 |  2.0
Spellcasting   | 1 2 |  2.0
Evocations     | 1 2 |  2.0
Conjurations   | 1 |  1.6
Hexes          | 1 |  1.6
Summonings     | 1 |  1.6
Necromancy     | 1 |  1.6
Translocations | 1 |  1.6
Transmutations | 1 |  1.6
Fire Magic     | 1 |  1.6
Ice Magic      | 1 |  1.6
Air Magic      | 1 |  1.6
Earth Magic    | 1 |  1.6
Poison Magic   | 1 |  1.6
Armour         | 5 |  5.0
Dodging        | 5 |  5.0
Fighting       | |  6.8
Axes           | |  6.8

Action                   |  1- 3 |  4- 6 || total
-------------------------+-------+-------++-------
Melee: Hand axe          |   123 |   139 ||   262
       Bite              |    18 |    20 ||    38
       Punch             |     4 |     1 ||     5
       Mace              |       |    11 ||    11
Invok: Berserk           |       |     2 ||     2
 Stab: Sleeping          |     2 |     1 ||     3
Armor: Animal skin       |     5 |       ||     5
       Leather armour    |    22 |    30 ||    52
Dodge: Dodged            |    90 |    90 ||   180
Block: Other             |       |    11 ||    11
       Reflection        |       |     1 ||     1

Table legend: (Time is in decaauts)
 A = Elapsed time spent in this place.
 B = Non-inter-level travel time spent in this place.
 C = Inter-level travel time spent in this place.
 D = Time resting spent in this place.
 E = Time spent auto-exploring this place.
 F = Levels seen in this place.
 G = Mean time per level.
                   A        B        C        D        E       F      G
               +--------+--------+--------+--------+--------+-----+--------+
         Total |   3579 |   3347 |    232 |    551 |   2108 |   5 |  715.8 |
       Dungeon |   3579 |   3347 |    232 |    551 |   2108 |   5 |  715.8 |
               +--------+--------+--------+--------+--------+-----+--------+

Top non-repeatable levels by time:
     D:4: 1388 daAuts
     D:1: 1006 daAuts
     D:2: 653 daAuts
     D:3: 487 daAuts
     D:5: 44 daAuts
